[Event "Early-Titled-Tuesday-Blitz-April-02-2024"]
[Site "Chess.com"]
[Date "2024.04.02"]
[Round "3"]
[White "guillembaches"]
[Black "Imagine_Drag0n"]
[Result "0-1"]
[WhiteElo "2547"]
[BlackElo "2799"]
[TimeControl "180+1"]
[EndTime "8:28:42 PDT"]
[Termination "Imagine_Drag0n won on time"]

1. d4 Nf6 2. Nf3 d5 3. Bg5 Nbd7 4. Nbd2 h6 5. Bh4 g5 6. Bg3 e6 7. e3 Bd6 8. Bd3 Qe7 9. c3 g4 10. Ne5 h5 11. Qe2 h4 12. Bf4 Bxe5 13. dxe5 Nh5 14.
Qxg4 Nxf4 15. exf4 Nc5 16. Bc2 Bd7 17. Nb3 O-O-O 18.
O-O-O Nxb3+ 19. Bxb3 a5 20. a3 Qc5 21. Rd4 Qb6 22.
Bc2 c5 23. Rd2 Bc6 24. Rhd1 Kb8 25. Qf3 Rd7 26. g3 Rhd8 27. Qe2 Bb5 28. Bd3 Ba4 29.
Bc2 Bb5 30. Bd3 c4 31. Bc2 d4 32. cxd4 c3 33. Rd3 Bxd3 34. Bxd3 cxb2+ 35. Qxb2 Qc6+ 36. Kb1 Rxd4 37. Rc1 Qd7 38. Bc2 hxg3 39. hxg3 Rd2 40. Ka1 Rxf2 41. Rb1 Qd4 42. Be4 Qxb2+ 43. Rxb2 Rd1+ 44.
Ka2 Rxb2+ 45. Kxb2 Rd2+ 46. Kc3 Re2 47. Kd4 Rd2+ 48.
Kc5 Kc7 49. g4 Rf2 50. Kd4 Rxf4 51. Ke3 Rxg4 0-1

[Event "Early-Titled-Tuesday-Blitz-April-02-2024"]
[Site "Chess.com"]
[Date "2024.04.02"]
[Round "3"]
[White "Massakru"]
[Black "IshviAggarwal"]
[Result "1-0"]
[WhiteElo "2386"]
[BlackElo "2161"]
[TimeControl "180+1"]
[EndTime "8:28:42 PDT"]
[Termination "Massakru won on time"]

1. e4 e6 2. d4 d5 3. Nc3 Nf6 4. e5 Nfd7 5. f4 a6 6. Nf3 c5 7. Be3 Nc6 8. Qd2 b5 9. a3 Qb6 10. Nd1 cxd4 11. Nxd4 Nc5 12. Nxc6 Qxc6 13. Nf2 Bb7 14.
Bd4 Rc8 15. Be2 Nd7 16. c3 Nb6 17. O-O Nc4 18. Bxc4 dxc4 19. Ng4 Bc5 20. Bxc5 Qxc5+ 21. Qf2 Qxf2+ 22. Kxf2 Ke7 23. Rad1 Rcd8 24. Ne3 Rd3 25. Rxd3 cxd3 26. Ke1 f6 27. exf6+ gxf6 28. Kd2 Rd8 29. g4 e5 30. fxe5 fxe5 31. Rf5 Ke6 32. Rh5 Be4 33.
Rh6+ Bg6 34. h4 Kf7 35. h5 Kg7 36. g5 Be4 37. Rxa6 Rf8 38. Ra7+ Kg8 39. Ng4 Bf5 40.
Nxe5 Re8 41. Nf7 Re2+ 42. Kd1 Be4 43. Nh6+ Kf8 44. Rf7+ Ke8 45. Rf4 Ke7 46. Ng8+ Ke6 47. Nf6 Bc6 48. Nxh7 Rxb2 49. g6 b4 50. Rf6+ Kd5 51.
c4+ 1-0

[Event "Early-Titled-Tuesday-Blitz-April-02-2024"]
[Site "Chess.com"]
[Date "2024.04.02"]
[Round "3"]
[White "GoltsevDmitry2000"]
[Black "Truequitos"]
[Result "1-0"]
[WhiteElo "2817"]
[BlackElo "2564"]
[TimeControl "180+1"]
[EndTime "8:28:43 PDT"]
[Termination "GoltsevDmitry2000 won on time"]

1. e4 e6 2. d4 d5 3. exd5 exd5 4. Nf3 Bd6 5. c4 c6 6. Nc3 Ne7 7. Bd3 O-O 8. O-O Bf5 9. Re1 Bg6 10. Bg5 f6 11.
Bh4 Na6 12. a3 Qd7 13. b4 Rae8 14. Qd2 Kh8 15. c5 Bb8 16. Bg3 Nf5 17. b5 Nc7 18. b6 axb6 19. cxb6 Ne6 20. Bf1 Nd6 21. a4 Ne4 22.
Qb2 Nf4 23. a5 Qg4 24. Na4 h5 25. Nc5 Nxc5 26. dxc5 Be4 27. Re3 Ne6 28. Qa3 Bxg3 29. hxg3 Ra8 30. a6 bxa6 31. Qb4 Bxf3 32. Ra4 Qxb4 33.
Rxb4 Be4 34. f3 Bf5 35. g4 hxg4 36. fxg4 d4 37. gxf5 dxe3 38. fxe6 f5 39. b7 Rab8 40. Bxa6 Rfe8 41. Kf1 g5 42. Ke2 Rxe6 43. Rd4 Ree8 44.
Rd6 f4 45. Rxc6 Kg7 46. Rd6 g4 47. c6 f3+ 48. gxf3 g3 49. c7 g2 50. Rd1 Kf6 51.
c8=Q Rbxc8 52. bxc8=Q Rxc8 53. Bxc8 Ke5 54. Rg1 Kf4 55.
Rxg2 1-0

[Event "Early-Titled-Tuesday-Blitz-April-02-2024"]
[Site "Chess.com"]
[Date "2024.04.02"]
[Round "3"]
[White "Tonychess32"]
[Black "RobertoJBM"]
[Result "0-1"]
[WhiteElo "2525"]
[BlackElo "2800"]
[TimeControl "180+1"]
[EndTime "8:28:43 PDT"]
[Termination "RobertoJBM won on time"]

1. b3 d5 2. Bb2 Bg4 3. h3 Bh5 4. g4 Bg6 5. Bg2 e6 6. e3 h5 7. Nf3 hxg4 8. hxg4 Rxh1+ 9. Bxh1 Nd7 10. d3 Nh6 11. g5 Nf5 12. Nbd2 Bh5 13. Qe2 c6 14. O-O-O Qxg5 15. Nxg5 Bxe2 16. Rg1 Bh5 17. e4 Ne7 18. f4 g6 19. Bf3 Bxf3 20. Ndxf3 Bh6 21. Rh1 Ng8 22.
e5 c5 23. Bc3 Ke7 24. Bd2 b6 25. Kd1 Nf8 26. Nh2 f6 27. exf6+ Nxf6 28. Nhf3 Nh5 29. d4 Bg7 30. dxc5 bxc5 31. Re1 Bf6 32. Nh4 Ng7 33.
Nhf3 Nf5 34. Rh1 Rb8 35. Ne5 Bxe5 36. fxe5 d4 37. Nf3 Rb7 38. Bg5+ Ke8 39. Rh8 Rh7 40. Rxh7 Nxh7 41. Bf4 Kd7 42. Ke2 Kc6 43. Kd3 Kd5 44. a4 a6 45. a5 Ne7 46. Nd2 Nc6 47. Nc4 Nb4+ 48. Kd2 g5 49. Bg3 Kc6 50. Bf2 Nd5 51.
Bg3 Ne7 52. Kd3 Nf5 53. Bf2 g4 54. Ke4 g3 55. Bg1 Ng5+ 56. Kf4 Nh3+ 57. Kf3 Nxg1+ 58. Kg2 Ne2 59. Nd2 Nf4+ 60. Kg1 Nd5 61. Ne4 Nde3 0-1

[Event "Early-Titled-Tuesday-Blitz-April-02-2024"]
[Site "Chess.com"]
[Date "2024.04.02"]
[Round "3"]
[White "xasid81"]
[Black "SaiAgni_98"]
[Result "0-1"]
[WhiteElo "2645"]
[BlackElo "2507"]
[TimeControl "180+1"]
[EndTime "8:28:44 PDT"]
[Termination "SaiAgni_98 won by checkmate"]

1. e4 d6 2. d4 Nf6 3. Nc3 Nbd7 4. Nf3 e5 5. dxe5 dxe5 6. a3 c6 7. Bc4 Be7 8. O-O O-O 9. h3 b5 10. Ba2 Qc7 11. Qe2 Nc5 12. Bg5 Ne6 13. Bxe6 Bxe6 14. Rfd1 Rfd8 15. Rxd8+ Rxd8 16. Rd1 h6 17. Rxd8+ Qxd8 18.
Be3 Qc7 19. Nd2 Nd7 20. Nb3 a5 21. Qd1 a4 22. Nc1 Bc5 23. Qd2 Bxe3 24. Qxe3 Qb6 25. Qxb6 Nxb6 26. b3 axb3 27. cxb3 Kf8 28. f3 Ke7 29.
Kf2 Kd6 30. Ke3 g5 31. g4 f6 32. Kd3 Nd7 33. Kc2 Nf8 34. N3e2 Ng6 35. Nd3 Nh4 36.
Ng1 c5 37. Ne1 Kc6 38. Kc3 Kb6 39. b4 Bc4 40. a4 cxb4+ 41. Kxb4 Bf1 42. a5+ Ka6 43.
Nc2 Ng2 44. Kc5 Kxa5 45. Kd6 Bd3 46. Na1 Ka4 47. Ke6 Ka3 48. Kxf6 Ka2 49. Kxe5 Kxa1 50. Kd4 Nf4 51. Kc3 Ka2 52. Kb4 Kb2 53. e5 Kc2 54. Kc5 Kc3 55. Kd6 b4 56. e6 Nxe6 57. Kxe6 b3 58.
f4 b2 59. f5 b1=Q 60. Nf3 Qb6+ 61. Kf7 Qb7+ 62. Kg6 Qxf3 63. Kxh6 Qxh3+ 64. Kxg5 Kd4 65. Kf4 Qe3# 0-1

[Event "Early-Titled-Tuesday-Blitz-April-02-2024"]
[Site "Chess.com"]
[Date "2024.04.02"]
[Round "3"]
[White "lefonghua"]
[Black "MarijaKuznecova"]
[Result "1-0"]
[WhiteElo "2611"]
[BlackElo "2405"]
[TimeControl "180+1"]
[EndTime "8:28:44 PDT"]
[Termination "lefonghua won by checkmate"]

1. d4 Nf6 2. c4 c5 3. d5 b5 4. cxb5 a6 5. b6 e6 6. Nc3 Nxd5 7. Nxd5 exd5 8. Qxd5 Nc6 9. Nf3 Rb8 10. e4 Be7 11. Bc4 O-O 12. O-O Rxb6 13. Bd2 Bb7 14. Qh5 Rxb2 15. Bc3 Rc2 16. Rfc1 Rxc1+ 17. Rxc1 Na5 18. Qg4 g6 19. Bxa5 Qxa5 20. Qxd7 Qa3 21. Rf1 Bxe4 22. Qxe7 Bxf3 23. gxf3 Qxf3 24. Qe2 Qf4 25. Rd1 h5 26. h3 Qf5 27. Rd3 Rb8 28. Rf3 Qg5+ 29. Kh2 Rf8 30. Qe4 Kg7 31. Qf4 Qe7 32. Rg3 h4 33. Rf3 f6 34. Kg2 Qd7 35. Qg4 Qe7 36. Re3 Qd8 37.
Qf3 f5 38. Bd5 f4 39. Re6 Qg5+ 40. Kh2 Rb8 41. Qe4 Rb2 42. Re7+ Kh6 43. Qf3 Qg3+ 44.
Qxg3 hxg3+ 45. Kg2 Rxf2+ 46. Kg1 Rd2 47. Bb3 Kg5 48.
Re5+ Kh4 49. Rxc5 Kxh3 50. Be6+ Kh4 51. Rc3 g5 52. Rc8 Rd1+ 53. Kg2 Rd2+ 54. Kf3 Rf2+ 55. Ke4 g2 56. Rh8+ Kg3 57. Rh3# 1-0

[Event "Early-Titled-Tuesday-Blitz-April-02-2024"]
[Site "Chess.com"]
[Date "2024.04.02"]
[Round "3"]
[White "Egor_Koshulyan"]
[Black "Baku_Boulevard"]
[Result "0-1"]
[WhiteElo "2747"]
[BlackElo "3039"]
[TimeControl "180+1"]
[EndTime "8:28:45 PDT"]
[Termination "Baku_Boulevard won by resignation"]

1. f4 d5 2. Nf3 g6 3. g3 Bg7 4. Bg2 c5 5. O-O Nc6 6. d3 Nf6 7. Nc3 O-O 8. e4 dxe4 9. dxe4 Be6 10. Be3 Qa5 11. Ng5 Ng4 12. Bd2 Bc8 13. e5 h6 14.
Nge4 f5 15. exf6 Nxf6 16. Nxf6+ exf6 17. f5 Bxf5 18. Rxf5 gxf5 19. Qh5 Rad8 20. Bxh6 Qc7 21. Bd5+ Rxd5 22. Nxd5 Qf7 23. Qxf7+ Rxf7 24. Bxg7 Kxg7 25.
Nf4 Re7 26. Rf1 Kf7 27. Rf2 b6 28. c3 Re1+ 29. Kg2 Ne5 30. h3 Rb1 31. b3 c4 32. bxc4 Nxc4 33. Nd5 Rb5 34. Nf4 Ra5 35. Nd3 Ra3 36. Nb4 Rxc3 37. h4 Ne3+ 38. Kh3 Rc1 39. h5 Rd1 40. Rh2 Ng4 41. Rc2 Rh1+ 42. Kg2 Rb1 43.
Rc7+ Ke6 44. Nc6 Rb2+ 45. Kg1 a5 46. Nd8+ Kd5 47. Rd7+ Ke4 48. Nc6 Rxa2 49. h6 Nxh6 50. Re7+ Kd5 51. Nd8 Ng4 52. Rd7+ Ke4 53. Ne6 a4 54.
Nf4 Ne5 55. Rd1 Nf3+ 56. Kf1 a3 57. Rb1 Nd2+ 58. Ke1 Nxb1 59. Kd1 Nc3+ 60. Kc1 b5 0-1

[Event "Early-Titled-Tuesday-Blitz-April-02-2024"]
[Site "Chess.com"]
[Date "2024.04.02"]
[Round "3"]
[White "GMKrikor"]
[Black "jk13"]
[Result "1/2-1/2"]
[WhiteElo "2912"]
[BlackElo "2708"]
[TimeControl "180+1"]
[EndTime "8:28:45 PDT"]
[Termination "Game drawn by repetition"]

1. Nf3 Nf6 2. c4 e6 3. Nc3 d5 4.
d4 c6 5. Qc2 Nbd7 6. cxd5 exd5 7. Bg5 h6 8. Bh4 Be7 9. e3 O-O 10. Bd3 Re8 11. O-O Ne4 12. Bxe4 Bxh4 13. Bh7+ Kh8 14.
Nxh4 Qxh4 15. Bd3 Nf6 16. Rae1 Ne4 17. f3 Nxc3 18. bxc3 Be6 19. e4 Rac8 20. Qf2 Qxf2+ 21. Kxf2 Kg8 22. Rc1 c5 23. e5 Rc7 24. Ke3 Rec8 25.
Kd2 Kf8 26. f4 cxd4 27. cxd4 Rxc1 28. Rxc1 Rxc1 29. Kxc1 Ke7 30. h4 f5 31. Kd2 Bd7 32. Kc3 a5 33. a3 Ke6 34. g3 b5 35. Bc2 Bc6 36. Bd1 Be8 37. g4 g6 38. Be2 h5 39.
gxh5 gxh5 40. Bf3 Bf7 41. Bd1 Be8 42. Be2 Ke7 43. Bf1 Ke6 44. Bd3 Bd7 45. Kb2 Bc6 46. Kb3 Be8 47. Bf1 Bd7 48. Be2 Be8 49. Bd1 Ke7 50.
Kc3 Ke6 51. Bc2 Bd7 52. Bd3 Be8 53. Kd2 Bc6 54. Bf1 Be8 55. Be2 Ke7 56. Bd1 Ke6 57.
Bc2 Bd7 58. Bb3 Bc6 59. Bc2 Bd7 60. Bd1 Be8 61. Be2 Ke7 62. Bf1 Ke6 63. Bh3 Bd7 64.
Bg2 Be8 65. Bf3 Bf7 66. Bd1 Be8 1/2-1/2

[Event "Early-Titled-Tuesday-Blitz-April-02-2024"]
[Site "Chess.com"]
[Date "2024.04.02"]
[Round "3"]
[White "sathvikadiga"]
[Black "WCM-Mexicana"]
[Result "1-0"]
[WhiteElo "2558"]
[BlackElo "2156"]
[TimeControl "180+1"]
[EndTime "8:28:45 PDT"]
[Termination "sathvikadiga won by resignation"]

1. e4 c6 2. d4 d5 3. Nc3 dxe4 4. Nxe4 Nf6 5. Nxf6+ exf6 6. c3 Bf5 7. Nf3 Bd6 8. Bd3 Bxd3 9. Qxd3 Nd7 10. O-O O-O 11. Be3 Re8 12. Rad1 Nf8 13. Rfe1 Ng6 14. Qd2 Qc7 15.
g3 Rad8 16. Kg2 b5 17. a3 a5 18. h4 h5 19. Qc2 c5 20. Qf5 cxd4 21. Bxd4 b4 22.
axb4 axb4 23. Qxh5 bxc3 24. bxc3 Be5 25. Qg4 Bxd4 26.
Rxe8+ Rxe8 27. Qxd4 Ne5 28. Re1 Rd8 29. Qf4 Qc6 30. Re4 Re8 31. c4 Re6 32. Nd4 Qxc4 33. Nxe6 Qxe6 34. Qe3 Qc6 35. f3 Qc2+ 36. Qe2 Qxe2+ 37. Rxe2 Kh7 38. g4 Kg8 39. Kg3 Kf8 40. f4 Nc4 41. Re4 Nd6 42. Rd4 Ke7 43. h5 Ke6 44. Rd1 Ke7 45. Kh4 f5 46. g5 Ne4 47.
Rd5 Kf8 48. Rxf5 Kg8 49. Re5 Nc3 50. Kg4 Kh7 51. Re7 Kg8 52. g6 fxg6 53. hxg6 Kf8 54. Rf7+ Kg8 55. Rc7 1-0

[Event "Early-Titled-Tuesday-Blitz-April-02-2024"]
[Site "Chess.com"]
[Date "2024.04.02"]
[Round "3"]
[White "ValentinDragnev"]
[Black "MITerryble"]
[Result "0-1"]
[WhiteElo "2725"]
[BlackElo "2990"]
[TimeControl "180+1"]
[EndTime "8:28:46 PDT"]
[Termination "MITerryble won by checkmate"]

1. e4 e6 2. d4 d5 3. Nc3 Nf6 4. e5 Nfd7 5. f4 c5 6. Nf3 Nc6 7. Be3 Be7 8. Qd2 O-O 9. dxc5 Qa5 10. a3 Nxc5 11. Bd3 Rd8 12. Ne2 Qxd2+ 13. Nxd2 b6 14. Nd4 Bb7 15. Nxc6 Bxc6 16. Nf3 d4 17. Bf2 Rac8 18.
Ke2 f6 19. exf6 Bxf6 20. Rac1 h6 21. Rhe1 Kf7 22. h4 Rc7 23. h5 a5 24. g3 Na4 25.
Rb1 Nc5 26. g4 Rcc8 27. g5 Bxf3+ 28. Kxf3 hxg5 29. Bg6+ Kf8 30. fxg5 Bxg5 31. Rbd1 Bf6 32. Kg2 e5 33. Bg3 e4 34. Kh3 e3 35. Bf4 Ne6 36. Bg3 Ke7 37. Kg4 Rc5 38. Bd3 Rg5+ 39. Kf3 Rxh5 40.
Rh1 Rdh8 41. Rhg1 Rh3 42. Ke2 g5 43. Rdf1 R3h6 44. Bf5 Rc8 45. Kd3 Rc5 46. Bg4 Rc6 47.
Rg2 Nc5+ 48. Ke2 Ne4 49. Kd3 Nxg3 50. Rxg3 Be5 51. Rgf3 Bf4 52. Kxd4 Rhd6+ 53. Ke4 Rc4+ 54. Kf5 Rf6# 0-1

[Event "Early-Titled-Tuesday-Blitz-April-02-2024"]
[Site "Chess.com"]
[Date "2024.04.02"]
[Round "3"]
[White "superchess02"]
[Black "viktorskliarov"]
[Result "1-0"]
[WhiteElo "2855"]
[BlackElo "2620"]
[TimeControl "180+1"]
[EndTime "8:28:46 PDT"]
[Termination "superchess02 won by resignation"]

1. d4 Nf6 2. c4 e6 3. Nc3 Bb4 4.
a3 Bxc3+ 5. bxc3 c5 6. e3 O-O 7. Bd3 Nc6 8. Ne2 b6 9. e4 Ne8 10. O-O Na5 11. f4 f5 12. Ng3 g6 13. Be3 d6 14. e5 Ba6 15. Qe2 d5 16. dxc5 Bxc4 17. Rab1 Bxd3 18. Qxd3 Nc4 19. a4 Qd7 20. Rb4 Nc7 21. Rxc4 Qc6 22. Rb4 bxc5 23. Rb2 d4 24. cxd4 c4 25. Qc2 Nd5 26. Bc1 c3 27. Rb5 Qc4 28. Ne2 Rfc8 29. Rf3 a6 30. Rxd5 Qxd5 31.
Rxc3 Rxc3 32. Qxc3 Qd7 33. Qb3 Rc8 34. Ba3 Kf7 35. Bc5 Qc6 36. Nc3 Rc7 37. a5 Rb7 38. Bb6 Rd7 39. h3 h6 40. Qb4 g5 41. fxg5 hxg5 42.
Qc5 Qb7 43. d5 exd5 44. Ne2 d4 45. Nxd4 Rd5 46. e6+ Kg6 47. Qf8 Qg7 48. Qe8+ Kh7 49. Qh5+ Kg8 50. Qe8+ Kh7 51. e7 Re5 52. Qh5+ Kg8 53.
e8=Q+ Rxe8 54. Qxe8+ Kh7 55. Qe6 1-0

[Event "Early-Titled-Tuesday-Blitz-April-02-2024"]
[Site "Chess.com"]
[Date "2024.04.02"]
[Round "3"]
[White "maurovargas01"]
[Black "Aleksandar-Topalov"]
[Result "0-1"]
[WhiteElo "1860"]
[BlackElo "2345"]
[TimeControl "180+1"]
[EndTime "8:28:47 PDT"]
[Termination "Aleksandar-Topalov won on time"]

1. e4 e6 2. Nc3 d5 3. e5 Ne7 4. f4 Qd7 5. Nf3 b6 6. Bb5 c6 7. Bf1 h5 8. g3 Ba6 9. d3 c5 10. Bg2 Nbc6 11. a4 Nf5 12. O-O Be7 13. Nb5 Rd8 14.
Qe1 Nb4 15. Rf2 g6 16. Rd2 Kf8 17. c3 Nc6 18. c4 Nb4 19. b3 Kg7 20. Bb2 Qb7 21.
Nd6 Qc7 22. Nb5 Qb8 23. Nd6 Kg8 24. Ng5 Nxd6 25. exd6 Bxg5 26. Bxh8 Qxd6 27. Be5 Qe7 28. fxg5 Qxg5 29. Bf4 Qf6 30. cxd5 Nxd3 31. Qe3 Qxa1+ 32. Bf1 Nxf4 33. Qxf4 Qxf1+ 34. Qxf1 Bxf1 35. Kxf1 Rxd5 36. Rb2 a5 37. Ke2 e5 38. Kf3 f5 39. h3 Kf7 40.
g4 hxg4+ 41. hxg4 Kf6 42. gxf5 gxf5 43. Rh2 Rd3+ 44. Ke2 Rxb3 45. Rh6+ Kg5 46. Re6 e4 47. Kd2 Kf4 48. Kc2 Ra3 49. Rxb6 Rxa4 0-1

[Event "Early-Titled-Tuesday-Blitz-April-02-2024"]
[Site "Chess.com"]
[Date "2024.04.02"]
[Round "3"]
[White "Bauman_Guy"]
[Black "CarlosjPineror"]
[Result "1-0"]
[WhiteElo "2907"]
[BlackElo "2677"]
[TimeControl "180+1"]
[EndTime "8:28:48 PDT"]
[Termination "Bauman_Guy won on time"]

1. e4 c5 2. Nf3 e6 3. d4 cxd4 4. Nxd4 a6 5. Bd3 Qc7 6. O-O Nf6 7. Qe2 d6 8. c4 Be7 9. Nc3 Nbd7 10. b3 b6 11. Bb2 Bb7 12. Kh1 h5 13. Rae1 h4 14. Nd5 Qd8 15. Nxe7 Qxe7 16. f4 h3 17. g4 Nc5 18. g5 Nfxe4 19. Kg1 Nxg5 20. Nf5 Qc7 21.
Nxg7+ Kd7 22. fxg5 Raf8 23. Rf4 Qc6 24. Be4 Nxe4 25.
Rxe4 Rhg8 26. Kf2 Qc5+ 27. Bd4 Qxg5 28. Rg4 Qh6 29. Reg1 e5 30. Be3 Qf6+ 31. Ke1 Bg2 32. R1xg2 hxg2 33. Qxg2 Qd8 34. Nf5 Rxg4 35. Qxg4 Kc7 36.
h4 Rg8 37. Qf3 Qd7 38. h5 Qe6 39. h6 Qg6 40. Ke2 Rh8 41. Bf2 f6 42. a4 Qg5 43.
Qe4 Qh5+ 44. Kd2 Qg5+ 45. Be3 Qg6 46. Qd3 Rd8 47. Kc3 Qg2 48. Ne7 Qa2 49. Nd5+ Kb7 50. Bc1 Rg8 51. Bb2 Rg2 52. Qc2 1-0

[Event "Early-Titled-Tuesday-Blitz-April-02-2024"]
[Site "Chess.com"]
[Date "2024.04.02"]
[Round "3"]
[White "StankovicIvan"]
[Black "bilelou"]
[Result "0-1"]
[WhiteElo "2488"]
[BlackElo "2659"]
[TimeControl "180+1"]
[EndTime "8:28:48 PDT"]
[Termination "bilelou won by resignation"]

1. e4 c5 2. c4 Nc6 3. Nc3 g6 4.
g3 Bg7 5. Bg2 d6 6. Nge2 Nf6 7.
d3 O-O 8. Rb1 a6 9. a3 Rb8 10.
b4 b6 11. O-O Nd7 12. Be3 Nd4 13. h3 Bb7 14. Qd2 Bc6 15. Bh6 Nxe2+ 16. Nxe2 e5 17. Bxg7 Kxg7 18. f4 f6 19. Nc3 Rf7 20. b5 axb5 21. Nxb5 Nf8 22. f5 Ra8 23. Qc3 Ra5 24. h4 Bxb5 25. Rxb5 Rfa7 26. Rxa5 Rxa5 27. Rb1 Qd7 28. Rxb6 Ra7 29. g4 Qa4 30. Rb3 Nd7 31. g5 Qa6 32. Bh3 Nf8 33. Qb2 Rf7 34. gxf6+ Rxf6 35. Rb7+ Kg8 36. Qb6 Qxa3 37. Qc7 Qc1+ 38. Bf1 Qe3+ 39. Kh1 Qh6 40. Qe7 gxf5 41. Bh3 fxe4 42.
Kh2 Qd2+ 43. Kh1 Qc1+ 44. Kh2 Qf4+ 45. Kh1 Rf7 46. Qxf7+ Qxf7 47. Rxf7 Kxf7 48. dxe4 Ng6 49. h5 Nf4 50. Bf5 h6 51. Kg1 Kf6 52. Kf2 Kg5 53. Ke3 Nxh5 54. Kd3 Ng3 55. Bd7 Kf4 56. Bc6 h5 57. Bd7 h4 58. Bc6 h3 0-1

[Event "Early-Titled-Tuesday-Blitz-April-02-2024"]
[Site "Chess.com"]
[Date "2024.04.02"]
[Round "3"]
[White "FLYD"]
[Black "Susal_De_Silva"]
[Result "1/2-1/2"]
[WhiteElo "1918"]
[BlackElo "2708"]
[TimeControl "180+1"]
[EndTime "8:28:50 PDT"]
[Termination "Game drawn - insufficient material"]

1. e4 c6 2. d4 d5 3. Nc3 dxe4 4. Nxe4 Bf5 5. Ng3 Bg6 6. Nh3 Nd7 7. Nf4 Ngf6 8. h4 e5 9. dxe5 Qa5+ 10. c3 Qxe5+ 11.
Be2 O-O-O 12. Nxg6 hxg6 13. Qd4 Bc5 14. Qxe5 Nxe5 15.
Bf4 Nd3+ 16. Bxd3 Rxd3 17. Ke2 Rhd8 18. f3 R3d5 19. b4 Bd6 20. Bxd6 R5xd6 21. Rad1 Nd5 22. Ne4 Re6 23. Kf2 Rde8 24. b5 f5 25. bxc6 bxc6 26.
c4 fxe4 27. cxd5 e3+ 28. Ke2 cxd5 29. Rxd5 Rc6 30. Re1 Rc2+ 31. Kf1 Rxa2 32. Rd6 a5 33. Rxg6 a4 34. Rxg7 a3 35. Ra7 Kb8 36. Ra4 Rf2+ 37. Kg1 a2 38. Rxe3 Rxg2+ 39. Kxg2 Rxe3 40. Rxa2 Kc7 41. Kg3 Kd7 42. Ra6 Ke7 43. Kf4 Re1 44. Ra4 Kf6 45. Ra6+ Kg7 46. Kf5 Rh1 47. Ra4 Rf1 48. Rg4+ Kf7 49. f4 Rh1 50. Kg5 Rh2 51. h5 Rh1 52. f5 Rh2 53. h6 Rh1 54. Rh4 Rg1+ 55. Kh5 Kf6 56. h7 Kg7 57. f6+ Kxh7 58. Rg4 Rxg4 59. Kxg4 Kg6 60. f7 Kxf7 1/2-1/2

[Event "Early-Titled-Tuesday-Blitz-April-02-2024"]
[Site "Chess.com"]
[Date "2024.04.02"]
[Round "3"]
[White "ChessQueen"]
[Black "artin10862"]
[Result "1/2-1/2"]
[WhiteElo "2723"]
[BlackElo "2922"]
[TimeControl "180+1"]
[EndTime "8:28:53 PDT"]
[Termination "Game drawn - insufficient material"]

1. e4 c5 2. c3 d5 3. exd5 Qxd5 4. d4 Nf6 5. Nf3 Bg4 6. Be2 cxd4 7. cxd4 e6 8. Nc3 Qa5 9. h3 Bh5 10. g4 Bg6 11. Ne5 Nc6 12. Bb5 Bb4 13. O-O Bxc3 14.
Bxc6+ bxc6 15. Qf3 Nd5 16. bxc3 Qxc3 17. Qxc3 Nxc3 18.
Nxc6 Be4 19. Ne5 Ne2+ 20. Kh2 Nxd4 21. Bb2 Nc2 22. Rac1 f6 23. f3 fxe5 24. fxe4 Nd4 25. Rc7 Rf8 26. Rxf8+ Kxf8 27. Ba3+ Kg8 28. Bc5 a5 29. Kg3 a4 30. Rb7 Rc8 31. Bd6 Rc3+ 32. Kg2 Rc2+ 33. Kg3 Ne2+ 34. Kf3 Nd4+ 35. Kg3 Rxa2 36.
Bxe5 Nc6 37. Rxg7+ Kf8 38. Bf6 a3 39. Rc7 Na5 40. Ra7 Nc4 41. Bg7+ Ke8 42. Kh4 Re2 43. Kh5 e5 44. Kh6 a2 45. Kxh7 Rh2 46. Kg8 Kd8 47. Bf6+ Kc8 48. g5 Kb8 49. Ra4 Rg2 50. h4 Kb7 51. h5 Kb6 52. h6 Kb5 53. Rxa2 Rxa2 54. h7 Ra8+ 55. Kg7 Nd6 56. h8=Q Rxh8 57. Kxh8 Nxe4 58.
Bxe5 Nxg5 1/2-1/2

[Event "Early-Titled-Tuesday-Blitz-April-02-2024"]
[Site "Chess.com"]
[Date "2024.04.02"]
[Round "3"]
[White "Incognito_Knight"]
[Black "Mikhail_Bryakin"]
[Result "1-0"]
[WhiteElo "2731"]
[BlackElo "2909"]
[TimeControl "180+1"]
[EndTime "8:28:53 PDT"]
[Termination "Incognito_Knight won on time"]

1. e4 d5 2. exd5 Nf6 3. d4 Bg4 4. f3 Bf5 5. g4 Bg6 6. c4 e6 7. Nc3 exd5 8. g5 Nh5 9. Nxd5 Bd6 10. Qe2+ Kf8 11. Be3 c6 12. Nc3 Nf4 13. Qd2 Qxg5 14. O-O-O Qh4 15. Ne4 Bxe4 16. fxe4 Ng6 17. e5 Be7 18.
Nf3 Qg4 19. Be2 Na6 20. Rhf1 Qd7 21. Kb1 Rd8 22. Ng5 Bxg5 23. Bxg5 Re8 24. Rf2 Kg8 25. Rdf1 Rf8 26. h4 h6 27. h5 Ne7 28. Bf6 gxf6 29.
exf6 Ng6 30. hxg6 fxg6 31. Rg1 Kf7 32. c5 Nc7 33. Bd3 Rfg8 34. Re1 Nd5 35. Qc2 h5 36. Rg1 Rh6 37. Qd2 Rgh8 38. Re1 h4 39. Bc4 Kf8 40.
Bxd5 Qxd5 41. f7 Kg7 42. f8=Q+ Rxf8 43. Rxf8 Rh5 44. Rf2 Rg5 45. Rfe2 Kh6 46. Re5 Qd8 47. Qxg5+ Qxg5 48. Rxg5 Kxg5 49. Re7 h3 50. Rxb7 Kg4 51. Rh7 g5 52. d5 cxd5 53. c6 Kg3 54. c7 h2 55.
c8=Q 1-0

[Event "Early-Titled-Tuesday-Blitz-April-02-2024"]
[Site "Chess.com"]
[Date "2024.04.02"]
[Round "3"]
[White "Barmen_EV"]
[Black "EdmundPlayer"]
[Result "1-0"]
[WhiteElo "2579"]
[BlackElo "2280"]
[TimeControl "180+1"]
[EndTime "8:28:53 PDT"]
[Termination "Barmen_EV won on time"]

1. e4 c6 2. d4 d5 3. e5 c5 4. c3 Nc6 5. h3 e6 6. Nf3 Qb6 7. Bd3 cxd4 8. c4 dxc4 9. Bxc4 Bc5 10.
O-O Nge7 11. a3 a5 12. Nbd2 Ng6 13. Qe2 Bd7 14. h4 Qc7 15. Re1 h6 16. h5 Nge7 17.
Ne4 b6 18. Bf4 O-O 19. Bd3 Nd5 20. Bd2 Qd8 21. Rac1 Be7 22. Ng3 f5 23. exf6 Nxf6 24.
Ne5 Nxe5 25. Qxe5 Rc8 26. Ne4 Rxc1 27. Rxc1 Nd5 28. Nd6 Bxd6 29. Qxd6 Qe7 30. Qxe7 Nxe7 31.
Rc7 Rd8 32. Rb7 Nd5 33. Bc4 Bc6 34. Ra7 b5 35. Ba2 a4 36. Ra6 Rd6 37. b3 axb3 38. Bxb3 Kf7 39. a4 bxa4 40. Bxa4 Ne7 41. Bb4 Bxa4 42. Bxd6 Bb5 43. Ra7 d3 44. Rxe7+ Kf6 45. Ra7 d2 46. Ra1 Ba4 47. Bb4 d1=Q+ 48. Rxd1 Bxd1 49. f3 Bc2 50. Bc3+ Kf5 51. Bxg7 Kg5 52. g4 Bd1 53. Kf2 Bc2 54. Bf8 Bd1 55. Be7+ Kf4 56.
Bd6+ Kg5 57. Be5 Bc2 58. Kg3 1-0

[Event "Early-Titled-Tuesday-Blitz-April-02-2024"]
[Site "Chess.com"]
[Date "2024.04.02"]
[Round "3"]
[White "Keeper0416"]
[Black "enriquebutti"]
[Result "1-0"]
[WhiteElo "2562"]
[BlackElo "2199"]
[TimeControl "180+1"]
[EndTime "8:28:53 PDT"]
[Termination "Keeper0416 won on time"]

1. d4 Nf6 2. c4 e6 3. Nc3 d5 4. e3 c5 5. Nf3 Nc6 6. Be2 dxc4 7.
Bxc4 cxd4 8. exd4 Be7 9. O-O O-O 10. a3 b6 11. Be3 Bb7 12. Qe2 Na5 13. Ba2 Rc8 14. Rac1 a6 15. b4 Nc6 16. Rfd1 Nb8 17. Ne5 Nbd7 18. Bg5 b5 19. h3 Nb6 20. Bxf6 Bxf6 21. Ne4 Bxe4 22. Qxe4 Bxe5 23. dxe5 Rxc1 24. Rxc1 Qd7 25. Bb1 g6 26. h4 Nd5 27. h5 Rc8 28.
Re1 Qe7 29. Qg4 Rc3 30. Be4 Rxa3 31. Bxd5 exd5 32. hxg6 hxg6 33. e6 Rc3 34. g3 Rc4 35. Qh3 d4 36. Qh6 d3 37. exf7+ Qxf7 38. Qd2 Qd7 39. Re3 Rd4 40. Rf3 Kg7 41. Kh2 Qd5 42.
Re3 Qh5+ 43. Kg1 Qd5 44. Kh2 Qd7 45. Kg1 Rd5 46. Qc3+ Kg8 47. Qd2 Qf5 48. Qc1 1-0

[Event "Early-Titled-Tuesday-Blitz-April-02-2024"]
[Site "Chess.com"]
[Date "2024.04.02"]
[Round "3"]
[White "Actuary44"]
[Black "Fy_Rakotomaharo"]
[Result "1/2-1/2"]
[WhiteElo "2514"]
[BlackElo "2692"]
[TimeControl "180+1"]
[EndTime "8:28:54 PDT"]
[Termination "Game drawn - insufficient material"]

1. e4 e5 2. d4 Nf6 3. dxe5 Nxe4 4. Bd3 d5 5. exd6 Nxd6 6. Nf3 Nc6 7. O-O Be7 8. Nc3 O-O 9. h3 Re8 10. Bf4 Bf6 11. Qd2 Be6 12. Rfe1 Nb4 13. Rad1 Nxd3 14. Qxd3 Nc4 15. Rxe6 Rxe6 16. Qxc4 Qe8 17. Nd5 Re4 18.
Qxc7 Bxb2 19. Qxb7 Ba3 20. Nc7 Rb8 21. Nxe8 Rxb7 22. Rd8 Bf8 23. Bd6 Rb1+ 24. Kh2 Rd1 25. Nf6+ gxf6 26. Rxf8+ Kg7 27. Rd8 Rc1 28. Rc8 h5 29. Kg3 Ra4 30. Bf8+ Kh7 31. Rc7 Rxa2 32. c4 Rac2 33. c5 a5 34. Rxf7+ Kg8 35. Rxf6 a4 36. Ra6 Kxf8 37. Rxa4 Rxc5 38. Rf4+ Ke7 39. Re4+ Kd8 40.
Rd4+ Kc7 41. Re4 R1c2 42. Re5 Kd6 43. Rxc5 Rxc5 44. Kh4 Rc2 45. Ng5 Ke5 46. Kxh5 Rxf2 47. g4 Rf8 48. Kg6 Rg8+ 49. Kh6 Kf4 50. Ne6+ Ke5 51.
Ng5 Kf6 52. Nh7+ Kf7 53. Ng5+ Kf8 54. h4 Rh8+ 55. Kg6 Rxh4 56. Nh7+ Kg8 57. Nf6+ Kh8 58. g5 Rf4 59. Kf7 Rf1 60. g6 Rg1 61. Nh5 Rg5 62.
g7+ Kh7 63. Nf6+ Kh6 64. g8=Q Rxg8 65. Nxg8+ 1/2-1/2